[Event "45th Sitges Open 2019"]
[Site "Sitges"]
[Date "2019.07.22"]
[Round "1.2"]
[White "Guasch Figuerola, Agusti"]
[Black "Guliyev, Namig"]
[Result "0-1"]
[ECO "A13"]
[WhiteElo "2071"]
[BlackElo "2551"]
[Annotator "ChessBase"]
[PlyCount "64"]
[EventDate "2019.07.21"]
[EventType "swiss"]
[EventCountry "ESP"]
[SourceTitle "playchess.com"]
[Source "ChessBase"]
[SourceQuality "1"]
[TimeControl "40/5400+30:1800+30"]

1. c4 e6 2. g3 d5 3. Nf3 d4 4. Bg2 Nc6 5. O-O g6 6. e3 Bg7 7. exd4 Nge7 8. Nc3 O-O 9. d3 Nxd4 10. Nxd4 Bxd4 11. Ne2 Bg7 12. d4 Nf5 13. d5 exd5 14. cxd5 Re8 15. Nc3 Bd7 16. h4 Qf6 17. Bg5 Qb6 18. Ne4 h6 19. Bf4 Rad8 20. Rb1 c6 21. d6 Be6 22. Qa4 Bd5 23. Rfd1 Bxe4 24. Bxe4 Nd4 25. Bd3 g5 26. hxg5 hxg5 27. Bxg5 Nf3+ 28. Kg2 Nxg5 29. Qh4 Qc5 30. d7 Re7 31. Bc4 Rexd7 32. Rdc1 Qf5 0-1

[Event "45th Sitges Open 2019"]
[Site "Sitges"]
[Date "2019.07.22"]
[Round "1.3"]
[White "Volkov, Sergey"]
[Black "Chirivi C, Angie Lizeth"]
[Result "1-0"]
[ECO "D97"]
[WhiteElo "2548"]
[BlackElo "2069"]
[Annotator "ChessBase"]
[PlyCount "63"]
[EventDate "2019.07.21"]
[EventType "swiss"]
[EventCountry "ESP"]
[SourceTitle "playchess.com"]
[Source "ChessBase"]
[SourceQuality "1"]
[TimeControl "40/5400+30:1800+30"]

1. d4 Nf6 2. c4 g6 3. Nc3 d5 4. Nf3 Bg7 5. Qb3 dxc4 6. Qxc4 O-O 7. e4 Nfd7 8. Be2 Nb6 9. Qc5 Bg4 10. Be3 N8d7 11. Qg5 Nf6 12. Rd1 c6 13. O-O Bxf3 14. Bxf3 Nfd7 15. e5 Re8 16. h4 Nc4 17. Bc1 Qa5 18. h5 f6 19. Qg3 fxe5 20. d5 Nf6 21. hxg6 Rad8 22. dxc6 bxc6 23. Bxc6 Rxd1 24. Rxd1 Rd8 25. Rxd8+ Qxd8 26. Ba4 Kh8 27. Qh3 Nd2 28. Bb5 e4 29. Qe3 Nb1 30. Nxb1 Qd1+ 31. Bf1 Qh5 32. Qxa7 1-0

[Event "45th Sitges Open 2019"]
[Site "Sitges"]
[Date "2019.07.22"]
[Round "1.4"]
[White "Bhavesh, Mahajan"]
[Black "Munoz, Miguel"]
[Result "0-1"]
[ECO "B34"]
[WhiteElo "2051"]
[BlackElo "2511"]
[Annotator "ChessBase"]
[PlyCount "120"]
[EventDate "2019.07.21"]
[EventType "swiss"]
[EventCountry "ESP"]
[SourceTitle "playchess.com"]
[Source "ChessBase"]
[SourceQuality "1"]
[TimeControl "40/5400+30:1800+30"]

1. e4 c5 2. Nf3 Nc6 3. d4 cxd4 4. Nxd4 Nf6 5. Nc3 e5 6. Ndb5 d6 7. a4 a6 8. Na3 Be7 9. Bc4 Be6 10. O-O Nxe4 11. Bxe6 Nxc3 12. Bxf7+ Kxf7 13. Qf3+ Bf6 14. Qxc3 d5 15. Be3 Qd7 16. Rfd1 Rac8 17. Qb3 Ne7 18. c3 Qe6 19. Rd2 Rc7 20. Rad1 Rhc8 21. h3 h6 22. Re1 Rd7 23. Red1 Rdc7 24. Re1 Rd7 25. Red1 Kg8 26. Nc2 Nf5 27. Nb4 Nxe3 28. fxe3 Bg5 29. Rxd5 Bxe3+ 30. Kh1 Rf8 31. c4 Rf3 32. Qc2 Rxd5 33. Nxd5 Rxh3+ 34. gxh3 Qxh3+ 35. Qh2 Qf3+ 36. Qg2 Qh5+ 37. Qh2 Qxd1+ 38. Kg2 Qc2+ 39. Kh3 Qf5+ 40. Kg2 Qe4+ 41. Kh3 Bf4 42. Qf2 Qxc4 43. Nxf4 exf4 44. Kg4 Qe6+ 45. Kf3 Qd5+ 46. Kg4 Qg5+ 47. Kf3 Qg3+ 48. Qxg3 fxg3 49. Kxg3 Kf7 50. Kf4 Ke6 51. Ke4 g5 52. Kd4 h5 53. Kc5 g4 54. Kb6 g3 55. Kxb7 a5 56. Ka6 g2 57. Kxa5 g1=Q 58. b4 Kd5 59. b5 Kc5 60. b6 Qb1 0-1

[Event "45th Sitges Open 2019"]
[Site "Sitges"]
[Date "2019.07.22"]
[Round "1.5"]
[White "Oliva Castaneda, Kevel"]
[Black "Vigo Allepuz, David"]
[Result "1-0"]
[ECO "C05"]
[WhiteElo "2467"]
[BlackElo "2045"]
[Annotator "ChessBase"]
[PlyCount "47"]
[EventDate "2019.07.21"]
[EventType "swiss"]
[EventCountry "ESP"]
[SourceTitle "playchess.com"]
[Source "ChessBase"]
[SourceQuality "1"]
[TimeControl "40/5400+30:1800+30"]

1. d4 e6 2. e4 d5 3. Nd2 Nf6 4. e5 Nfd7 5. f4 c5 6. Ngf3 Nc6 7. Nb3 cxd4 8. Nbxd4 Nxd4 9. Nxd4 Bc5 10. c3 a6 11. Be3 Qc7 12. Bd3 Bxd4 13. cxd4 Qa5+ 14. Kf2 Nb6 15. b3 Qa3 16. Qc2 Bd7 17. Qc7 Nc4 18. Bc1 Qb4 19. bxc4 Rc8 20. Qd6 Qc3 21. Ba3 Qd2+ 22. Be2 Qxd4+ 23. Kg3 g5 24. Qe7# 1-0

[Event "45th Sitges Open 2019"]
[Site "Sitges"]
[Date "2019.07.22"]
[Round "1.6"]
[White "Roca Planas, Edgar"]
[Black "Berdayes Ason, Dylan Isidro"]
[Result "0-1"]
[ECO "B08"]
[WhiteElo "2045"]
[BlackElo "2461"]
[Annotator "ChessBase"]
[PlyCount "64"]
[EventDate "2019.07.21"]
[EventType "swiss"]
[EventCountry "ESP"]
[SourceTitle "playchess.com"]
[Source "ChessBase"]
[SourceQuality "1"]
[TimeControl "40/5400+30:1800+30"]

1. e4 d6 2. d4 Nf6 3. Nc3 g6 4. Nf3 Bg7 5. h3 O-O 6. Be3 c6 7. Qd2 Nbd7 8. Bd3 e5 9. O-O-O b5 10. Ne2 a6 11. Ng3 Bb7 12. Bh6 c5 13. d5 c4 14. Bf1 c3 15. bxc3 Qa5 16. Bd3 Rac8 17. Bxg7 Kxg7 18. Qg5 Ng8 19. Nf5+ Kh8 20. Nh6 f6 21. Qe3 Nxh6 22. Qxh6 Qxc3 23. h4 Nc5 24. Ne1 b4 25. Kb1 Na4 26. Qc1 Qc5 27. Rd2 Qa5 28. Ka1 Rc3 29. Rd1 Ra3 30. Bc4 Nc3 31. Nd3 Rxa2+ 32. Bxa2 Qxa2# 0-1

[Event "45th Sitges Open 2019"]
[Site "Sitges"]
[Date "2019.07.22"]
[Round "1.7"]
[White "Sreeshwan, Maralakshikari"]
[Black "Kleifges, Matthias"]
[Result "1-0"]
[ECO "A52"]
[WhiteElo "2461"]
[BlackElo "2045"]
[Annotator "ChessBase"]
[PlyCount "73"]
[EventDate "2019.07.21"]
[EventType "swiss"]
[EventCountry "ESP"]
[SourceTitle "playchess.com"]
[Source "ChessBase"]
[SourceQuality "1"]
[TimeControl "40/5400+30:1800+30"]

1. d4 Nf6 2. c4 e5 3. dxe5 Ng4 4. Bf4 Bb4+ 5. Nd2 Nc6 6. Ngf3 Qe7 7. e3 Ngxe5 8. Nxe5 Nxe5 9. Be2 b6 10. O-O Bxd2 11. Qxd2 Bb7 12. Qc3 d6 13. b4 O-O 14. c5 Rfe8 15. Rac1 dxc5 16. bxc5 Ng6 17. Bg3 Bd5 18. a3 c6 19. Rfd1 Nh4 20. Bf1 Nf5 21. Bf4 g5 22. Bg3 h5 23. Bd3 Nxg3 24. hxg3 Qe5 25. a4 Rab8 26. Be2 g4 27. Rd4 f5 28. Bc4 bxc5 29. Bxd5+ cxd5 30. Qxc5 Rbc8 31. Qxc8 Rxc8 32. Rxc8+ Kf7 33. Rc5 Ke6 34. Ra5 h4 35. Raxd5 Qxd5 36. Rxd5 Kxd5 37. gxh4 1-0

[Event "45th Sitges Open 2019"]
[Site "Sitges"]
[Date "2019.07.24"]
[Round "3.2"]
[White "Anuj, Shrivatri"]
[Black "Guliyev, Namig"]
[Result "0-1"]
[ECO "A15"]
[WhiteElo "2372"]
[BlackElo "2551"]
[Annotator "ChessBase"]
[PlyCount "66"]
[EventDate "2019.07.21"]
[EventType "swiss"]
[EventCountry "ESP"]
[SourceTitle "playchess.com"]
[Source "ChessBase"]
[SourceQuality "1"]
[TimeControl "40/5400+30:1800+30"]

1. c4 Nf6 2. Nf3 c6 3. Nc3 d5 4. e3 e6 5. Qc2 Nbd7 6. b3 a6 7. Bb2 b5 8. d4 Bb7 9. Bd3 dxc4 10. bxc4 bxc4 11. Bxc4 c5 12. Rd1 cxd4 13. Nxd4 Qc7 14. Qa4 Bxg2 15. Rg1 Bb7 16. f4 Rc8 17. Bb3 Qb6 18. a3 g6 19. Nce2 Bd5 20. f5 Be7 21. fxe6 fxe6 22. Nf4 Bxb3 23. Nxb3 Qxe3+ 24. Ne2 Rc2 25. Rd2 Rxd2 26. Nxd2 O-O 27. Rg3 Qb6 28. Bd4 Bc5 29. Qc4 Bxd4 30. Nxd4 Nd5 31. Qd3 Nf4 32. Qc3 Nc5 33. Qc4 Qd6 0-1

[Event "45th Sitges Open 2019"]
[Site "Sitges"]
[Date "2019.07.24"]
[Round "3.7"]
[White "Valderrama Quiceno, Esteban Alb"]
[Black "Escobar Medina, Andres F"]
[Result "1/2-1/2"]
[ECO "A34"]
[WhiteElo "2423"]
[BlackElo "2296"]
[Annotator "NA"]
[PlyCount "49"]
[EventDate "2019.07.21"]
[EventType "swiss"]
[EventCountry "ESP"]
[SourceTitle "playchess.com"]
[Source "ChessBase"]
[SourceQuality "1"]
[TimeControl "40/5400+30:1800+30"]

1. c4 Nf6 2. Nc3 c5 3. g3 g6 4. Bg2 Bg7 5. e3 O-O 6. d4 Nc6 7. Nge2 d6 8. O-O Bg4 9. h3 cxd4 10. exd4 Bxe2 11. Nxe2 d5 12. cxd5 Nxd5 13. Qb3 Nb6 14. d5 Na5 15. Qf3 Nac4 16. Rb1 Ne5 17. Qb3 Qd7 18. Rd1 Qf5 19. Bf4 Nec4 20. Nc3 Rac8 21. d6 Nxd6 22. Bxd6 exd6 23. Bxb7 Rb8 24. Bg2 d5 25. Nxd5 1/2-1/2

[Event "45th Sitges Open 2019"]
[Site "Sitges"]
[Date "2019.07.25"]
[Round "4.6"]
[White "Sturt, Raven"]
[Black "Mateus, Alejandro"]
[Result "1-0"]
[ECO "B96"]
[WhiteElo "2429"]
[BlackElo "2334"]
[Annotator "NA"]
[PlyCount "53"]
[EventDate "2019.07.21"]
[EventType "swiss"]
[EventCountry "ESP"]
[SourceTitle "playchess.com"]
[Source "ChessBase"]
[SourceQuality "1"]
[TimeControl "40/5400+30:1800+30"]

1. e4 c5 2. Nf3 d6 3. d4 cxd4 4. Nxd4 Nf6 5. Nc3 a6 6. Bg5 e6 7. f4 h6 8. Bh4 Qb6 9. Qd2 Qxb2 10. Rb1 Qa3 11. e5 dxe5 12. fxe5 Nfd7 13. Be2 Be7 14. Bg3 O-O 15. O-O Bg5 16. Qd3 Nc5 17. Qf3 Bd2 18. Nb3 Nxb3 19. Ne4 Nc6 20. Rxb3 Qa5 21. Qg4 Nxe5 22. Bxe5 Qxe5 23. Nxd2 f5 24. Qf3 Qc5+ 25. Kh1 Qxc2 26. Nc4 Rd8 27. Bd3 1-0

[Event "45th Sitges Open 2019"]
[Site "Sitges"]
[Date "2019.07.25"]
[Round "4.7"]
[White "Escobar Medina, Andres F"]
[Black "Lacasa Diaz, Jose Antonio"]
[Result "0-1"]
[ECO "D34"]
[WhiteElo "2296"]
[BlackElo "2391"]
[Annotator "NA"]
[PlyCount "122"]
[EventDate "2019.07.21"]
[EventType "swiss"]
[EventCountry "ESP"]
[SourceTitle "playchess.com"]
[Source "ChessBase"]
[SourceQuality "1"]
[TimeControl "40/5400+30:1800+30"]

1. d4 d5 2. c4 e6 3. Nc3 c5 4. cxd5 exd5 5. Nf3 Nc6 6. g3 Nf6 7. Bg2 Be7 8. O-O O-O 9. dxc5 d4 10. Na4 Bf5 11. Bf4 Be4 12. a3 Qd5 13. b4 h6 14. Ne1 Bxg2 15. Nxg2 Rfe8 16. Nb2 Rad8 17. Nd3 Ne4 18. Qc2 Nc3 19. Rfe1 Bf6 20. Bd6 g5 21. a4 a6 22. h4 Re6 23. b5 axb5 24. axb5 Nxb5 25. Rab1 Nc3 26. Rxb7 Rde8 27. Nc1 Ne5 28. Bxe5 Qxb7 29. Bxf6 Rxf6 30. e3 Qd5 31. hxg5 hxg5 32. Nb3 Ne4 33. exd4 Rxf2 34. Qxf2 Nxf2 35. Rxe8+ Kg7 36. Kxf2 Qxb3 37. Ne1 Qc3 38. Nf3 g4 39. Re3 Qc2+ 40. Re2 Qf5 41. Re3 Kg6 42. Ke2 gxf3+ 43. Rxf3 Qc2+ 44. Ke3 Qc3+ 45. Ke2 Qxd4 46. Rf4 Qxc5 47. Kf3 Qd5+ 48. Kf2 Qd2+ 49. Kf3 Qd1+ 50. Kf2 f6 51. Rh4 Kg5 52. Kg2 Qe2+ 53. Kg1 Kf5 54. Rf4+ Kg6 55. Rh4 Kg5 56. Kh1 Qf2 57. Rg4+ Kf5 58. Rg7 Ke4 59. Rg6 Ke3 60. g4 Ke2 61. g5 Qh4+ 0-1

[Event "45th Sitges Open 2019"]
[Site "Sitges"]
[Date "2019.07.26"]
[Round "5.4"]
[White "Beltran Rueda, Santiago"]
[Black "Munoz, Miguel"]
[Result "1/2-1/2"]
[ECO "A36"]
[WhiteElo "2326"]
[BlackElo "2511"]
[Annotator "ChessBase"]
[PlyCount "62"]
[EventDate "2019.07.21"]
[EventType "swiss"]
[EventCountry "ESP"]
[SourceTitle "playchess.com"]
[Source "ChessBase"]
[SourceQuality "1"]
[TimeControl "40/5400+30:1800+30"]

1. c4 c5 2. Nc3 Nc6 3. g3 g6 4. Bg2 Bg7 5. e3 e6 6. Nge2 Nge7 7. O-O O-O 8. a3 d5 9. cxd5 exd5 10. d4 cxd4 11. Nxd4 Be6 12. Nxe6 fxe6 13. Na4 Qd6 14. Rb1 Rac8 15. b4 b6 16. Bb2 Bxb2 17. Nxb2 Nf5 18. Nd3 Ne5 19. Nf4 Ng7 20. h4 Nc4 21. Rb3 a6 22. Qe2 Qe5 23. Rd1 Rfd8 24. e4 d4 25. Nd3 Qb5 26. e5 a5 27. a4 Qxa4 28. Rdb1 Na3 29. Qa2 Rc3 30. bxa5 Qxa5 31. Rxb6 Nc4 1/2-1/2

[Event "45th Sitges Open 2019"]
[Site "Sitges"]
[Date "2019.07.26"]
[Round "5.6"]
[White "Oliva Castaneda, Kevel"]
[Black "Ingebretsen, Jens E"]
[Result "1/2-1/2"]
[ECO "C50"]
[WhiteElo "2467"]
[BlackElo "2276"]
[Annotator "ChessBase"]
[PlyCount "49"]
[EventDate "2019.07.21"]
[EventType "swiss"]
[EventCountry "ESP"]
[SourceTitle "playchess.com"]
[Source "ChessBase"]
[SourceQuality "1"]
[TimeControl "40/5400+30:1800+30"]

1. e4 e5 2. Nf3 Nc6 3. Bc4 Bc5 4. O-O Nf6 5. d3 O-O 6. a4 d6 7. c3 a6 8. h3 Ba7 9. Nbd2 Ne7 10. Re1 c6 11. Bb3 Ng6 12. d4 Qc7 13. a5 Re8 14. Bc2 Be6 15. Nf1 h6 16. Ng3 Rad8 17. Be3 d5 18. Nxe5 Nxe5 19. dxe5 dxe4 20. Qe2 Bxe3 21. Qxe3 Qxe5 22. Nxe4 Nxe4 23. Bxe4 Qg5 24. b4 Qxe3 25. Rxe3 1/2-1/2

[Event "45th Sitges Open 2019"]
[Site "Sitges"]
[Date "2019.07.27"]
[Round "6.3"]
[White "Munoz, Miguel"]
[Black "Sreeshwan, Maralakshikari"]
[Result "1/2-1/2"]
[ECO "B10"]
[WhiteElo "2511"]
[BlackElo "2461"]
[Annotator "ChessBase"]
[PlyCount "41"]
[EventDate "2019.07.21"]
[EventType "swiss"]
[EventCountry "ESP"]
[SourceTitle "playchess.com"]
[Source "ChessBase"]
[SourceQuality "1"]
[TimeControl "40/5400+30:1800+30"]

1. e4 c6 2. Nc3 d5 3. Nf3 dxe4 4. Nxe4 Nf6 5. Qe2 Nxe4 6. Qxe4 Qd5 7. Qf4 Qf5 8. Qxf5 Bxf5 9. Nd4 Be4 10. d3 Bg6 11. Be2 e5 12. Nb3 Nd7 13. Bd2 Bd6 14. Na5 O-O-O 15. O-O-O Nb6 16. Bf3 Bc5 17. Rde1 Rhe8 18. Re2 Bf5 19. Rhe1 f6 20. h3 Re7 21. Nb3 1/2-1/2

[Event "45th Sitges Open 2019"]
[Site "Sitges"]
[Date "2019.07.27"]
[Round "6.4"]
[White "Sturt, Raven"]
[Black "Beltran Rueda, Santiago"]
[Result "0-1"]
[ECO "B31"]
[WhiteElo "2429"]
[BlackElo "2326"]
[Annotator "RC"]
[PlyCount "144"]
[EventDate "2019.07.21"]
[EventType "swiss"]
[EventCountry "ESP"]
[SourceTitle "playchess.com"]
[Source "ChessBase"]
[SourceQuality "1"]
[TimeControl "40/5400+30:1800+30"]

1. e4 c5 2. Nf3 Nc6 3. Bb5 g6 4. O-O Bg7 5. Re1 Nf6 6. Nc3 O-O 7. e5 Ng4 8. Bxc6 dxc6 9. d3 Nh6 10. Be3 b6 11. d4 cxd4 12. Nxd4 Bb7 13. Bxh6 Bxh6 14. Qg4 Bg7 15. Rad1 Qc7 16. h4 h5 17. Qg3 Rad8 18. f4 Bc8 19. Qf3 Bb7 20. Qg3 Qc8 21. Nf3 Qf5 22. Nd4 Qc8 23. b4 c5 24. bxc5 Qxc5 25. Qe3 Qc4 26. Nce2 Rd5 27. c3 Ra5 28. Qg3 e6 29. Nc1 Rc8 30. Re3 Ra3 31. Ndb3 Bd5 32. Rd4 Qc6 33. Kh2 a5 34. Rd2 Ra4 35. Nd4 Qc4 36. Rb2 Bf8 37. Ncb3 Kh7 38. Nd2 Qc7 39. Ne4 Bxe4 40. Rxe4 Qxc3 41. Qxc3 Rxc3 42. Nxe6 Rxe4 43. Ng5+ Kg7 44. Nxe4 Rc4 45. Re2 b5 46. Kg3 Be7 47. Kf3 Bxh4 48. Nd6 Rc3+ 49. Ke4 b4 50. f5 Rc1 51. f6+ Kg8 52. Kd5 Bg3 53. Nb7 a4 54. Nc5 a3 55. Nd3 Rb1 56. Kc4 h4 57. Nxb4 Rb2 58. Re3 Rxg2 59. Nd5 h3 60. Ne7+ Kh7 61. e6 h2 62. exf7 h1=Q 63. f8=Q Qc1+ 64. Kb5 Qf1+ 65. Kb6 Rb2+ 66. Ka7 Bb8+ 67. Qxb8 Rxb8 68. Kxb8 Qf4+ 69. Kc8 Qxe3 70. Kd7 Qd2+ 71. Ke8 Qxa2 72. f7 Qxf7+ 0-1

[Event "45th Sitges Open 2019"]
[Site "Sitges"]
[Date "2019.07.29"]
[Round "8.2"]
[White "Harikrishnan.A.Ra"]
[Black "Berdayes Ason, Dylan Isidro"]
[Result "1/2-1/2"]
[ECO "B57"]
[WhiteElo "2401"]
[BlackElo "2461"]
[Annotator "ChessBase"]
[PlyCount "46"]
[EventDate "2019.07.21"]
[EventType "swiss"]
[EventCountry "ESP"]
[SourceTitle "playchess.com"]
[Source "ChessBase"]
[SourceQuality "1"]
[TimeControl "40/5400+30:1800+30"]

1. e4 c5 2. Nf3 Nc6 3. d4 cxd4 4. Nxd4 Nf6 5. Nc3 d6 6. Bc4 Bd7 7. Be3 Ng4 8. Nxc6 bxc6 9. Bc1 g6 10. h3 Nf6 11. O-O Bg7 12. Be3 O-O 13. Qd2 Qc7 14. Bh6 Rab8 15. Bxg7 Kxg7 16. b3 Rbd8 17. Rad1 Bc8 18. Rfe1 e5 19. f4 Nh5 20. fxe5 dxe5 21. Qf2 Qe7 22. Ne2 Nf6 23. Ng3 c5 1/2-1/2

[Event "45th Sitges Open 2019"]
[Site "Sitges"]
[Date "2019.07.29"]
[Round "8.5"]
[White "Sturt, Raven"]
[Black "Valderrama Quiceno, Esteban Alb"]
[Result "1-0"]
[ECO "D02"]
[WhiteElo "2429"]
[BlackElo "2423"]
[Annotator "NA"]
[PlyCount "59"]
[EventDate "2019.07.21"]
[EventType "swiss"]
[EventCountry "ESP"]
[SourceTitle "playchess.com"]
[Source "ChessBase"]
[SourceQuality "1"]
[TimeControl "40/5400+30:1800+30"]

1. d4 d5 2. Nf3 Nf6 3. Bf4 c5 4. e3 Nc6 5. Nbd2 Qb6 6. dxc5 Qxb2 7. Rb1 Qc3 8. Bb5 e6 9. O-O Qxc5 10. c4 Be7 11. Nb3 Qa3 12. Ne5 O-O 13. Nxc6 bxc6 14. Bxc6 Ba6 15. Bxa8 Rxa8 16. Qc2 dxc4 17. Nd4 Nd5 18. Nc6 Bf8 19. Nb8 c3 20. Rb3 Qa4 21. Nxa6 Qxa6 22. Rb8 Rxb8 23. Bxb8 Qc4 24. Rc1 Ba3 25. Rd1 h5 26. Be5 Bb2 27. e4 Nb4 28. Rd8+ Kh7 29. Qd1 Kg6 30. Rh8 1-0

[Event "45th Sitges Open 2019"]
[Site "Sitges"]
[Date "2019.07.29"]
[Round "8.6"]
[White "Lacasa Diaz, Jose Antonio"]
[Black "Beltran Rueda, Santiago"]
[Result "1/2-1/2"]
[ECO "A06"]
[WhiteElo "2391"]
[BlackElo "2326"]
[Annotator "NA"]
[PlyCount "23"]
[EventDate "2019.07.21"]
[EventType "swiss"]
[EventCountry "ESP"]
[SourceTitle "playchess.com"]
[Source "ChessBase"]
[SourceQuality "1"]
[TimeControl "40/5400+30:1800+30"]

1. Nf3 d5 2. b3 Bg4 3. Bb2 Bxf3 4. exf3 e6 5. g3 Nf6 6. Bg2 Bd6 7. f4 O-O 8. O-O Nbd7 9. d3 c6 10. Nd2 e5 11. fxe5 Bxe5 12. Bxe5 1/2-1/2

[Event "45th Sitges Open 2019"]
[Site "Sitges"]
[Date "2019.07.30"]
[Round "9.2"]
[White "Munoz, Miguel"]
[Black "Volkov, Sergey"]
[Result "1/2-1/2"]
[ECO "C06"]
[WhiteElo "2511"]
[BlackElo "2548"]
[Annotator "RC"]
[PlyCount "24"]
[EventDate "2019.07.21"]
[EventType "swiss"]
[EventCountry "ESP"]
[SourceTitle "playchess.com"]
[Source "ChessBase"]
[SourceQuality "1"]
[TimeControl "40/5400+30:1800+30"]

1. e4 e6 2. d4 d5 3. Nd2 Nf6 4. e5 Nfd7 5. Bd3 c5 6. c3 Nc6 7. Ne2 cxd4 8. cxd4 f6 9. exf6 Nxf6 10. O-O Bd6 11. Nf3 O-O 12. Bf4 Bxf4 1/2-1/2

[Event "45th Sitges Open 2019"]
[Site "Sitges"]
[Date "2019.07.30"]
[Round "9.3"]
[White "Berdayes Ason, Dylan Isidro"]
[Black "Sturt, Raven"]
[Result "0-1"]
[ECO "B31"]
[WhiteElo "2461"]
[BlackElo "2429"]
[Annotator "ChessBase"]
[PlyCount "130"]
[EventDate "2019.07.21"]
[EventType "swiss"]
[EventCountry "ESP"]
[SourceTitle "playchess.com"]
[Source "ChessBase"]
[SourceQuality "1"]
[TimeControl "40/5400+30:1800+30"]

1. e4 c5 2. Nf3 Nc6 3. Bb5 g6 4. Bxc6 dxc6 5. d3 Bg7 6. h3 Nf6 7. Bd2 Nd7 8. Qc1 O-O 9. Bh6 Qa5+ 10. c3 Rd8 11. Bxg7 Kxg7 12. O-O Nf8 13. Rd1 Ne6 14. Na3 Qc7 15. Nc4 b6 16. Qe3 Ba6 17. g3 f6 18. b3 Rd7 19. d4 Rad8 20. Rd2 b5 21. Nb2 b4 22. dxc5 Rxd2 23. Nxd2 Qe5 24. Rc1 Qxc5 25. Qxc5 Nxc5 26. Nb1 bxc3 27. Rxc3 Nxe4 28. Rxc6 Bc8 29. Rc7 Kf7 30. Kg2 a6 31. Nc3 Nxc3 32. Rxc3 Bb7+ 33. Kf1 Rd2 34. Nd3 Rxa2 35. Nc5 Bc6 36. h4 h5 37. Nd3 Bb5 38. Kg2 e5 39. Kf3 Ke6 40. Ke3 Kf5 41. Nc1 Rb2 42. Nd3 Rb1 43. Nc1 Kg4 44. Rc2 f5 45. Rc5 Rb2 46. Rxe5 Rc2 47. Re6 Rxc1 48. Rxg6+ Kh3 49. Rg5 Rc3+ 50. Kd4 Rd3+ 51. Ke5 Rxb3 52. Rxh5 Bd3 53. Rh8 Kg4 54. Rg8+ Kf3 55. h5 Rb6 56. Rh8 Kxf2 57. h6 Ke3 58. Kd5 a5 59. Kc5 Rb7 60. Kd6 a4 61. h7 Be4 62. g4 fxg4 63. Rg8 Rxh7 64. Rxg4 a3 65. Rg3+ Bf3 0-1

[Event "45th Sitges Open 2019"]
[Site "Sitges"]
[Date "2019.07.30"]
[Round "9.5"]
[White "Pogorelov, Ruslan"]
[Black "Lacasa Diaz, Jose Antonio"]
[Result "1-0"]
[ECO "D34"]
[WhiteElo "2347"]
[BlackElo "2391"]
[Annotator "ChessBase"]
[PlyCount "126"]
[EventDate "2019.07.21"]
[EventType "swiss"]
[EventCountry "ESP"]
[SourceTitle "playchess.com"]
[Source "ChessBase"]
[SourceQuality "1"]
[TimeControl "40/5400+30:1800+30"]

1. Nf3 d5 2. d4 e6 3. c4 c5 4. cxd5 exd5 5. g3 Nc6 6. Bg2 Nf6 7. O-O Be7 8. Nc3 O-O 9. Bg5 c4 10. Ne5 Be6 11. Nxc6 bxc6 12. b3 h6 13. Bxf6 Bxf6 14. Na4 cxb3 15. axb3 Be7 16. Rc1 Qd7 17. Nc5 Bxc5 18. Rxc5 Rfb8 19. Qc2 Rb6 20. Ra1 Bf5 21. Qc3 Rab8 22. Ra3 Qb7 23. h4 Rxb3 24. Rxb3 Qxb3 25. Qxb3 Rxb3 26. Rxc6 Rb1+ 27. Kh2 Rd1 28. e3 Rd2 29. g4 Bxg4 30. Bxd5 Bd7 31. Rd6 Be6 32. Bxe6 fxe6 33. Rxe6 Rxf2+ 34. Kg3 Rf6 35. Re7 Rf7 36. Re5 a6 37. Ra5 Rf6 38. e4 Kf7 39. e5 Rb6 40. Kf4 g6 41. Ke4 Ke7 42. Ra4 Kd7 43. Ra1 Ke7 44. Rc1 Kd7 45. h5 gxh5 46. Rg1 h4 47. Rg7+ Ke8 48. Kf5 h3 49. Rg3 a5 50. Rxh3 a4 51. d5 Ra6 52. Ra3 Kd7 53. d6 Ra8 54. Rc3 Rf8+ 55. Ke4 Ke6 56. Rc7 Re8 57. Rh7 a3 58. Rxh6+ Kf7 59. Rf6+ Kg7 60. Rf2 Ra8 61. d7 a2 62. Rxa2 Rd8 63. e6 Kf6 1-0

[Event "45th Sitges Open 2019"]
[Site "Sitges"]
[Date "2019.07.30"]
[Round "9.6"]
[White "Anuj Shrivatri"]
[Black "Cu Hor, Winston Darwin"]
[Result "1-0"]
[ECO "E04"]
[WhiteElo "2372"]
[BlackElo "2335"]
[Annotator "NA"]
[PlyCount "41"]
[EventDate "2019.07.21"]
[EventType "swiss"]
[EventCountry "ESP"]
[SourceTitle "playchess.com"]
[Source "ChessBase"]
[SourceQuality "1"]
[TimeControl "40/5400+30:1800+30"]

1. d4 Nf6 2. Nf3 e6 3. c4 d5 4. g3 dxc4 5. Bg2 c5 6. O-O Nbd7 7. Na3 Be7 8. Nxc4 O-O 9. dxc5 Nxc5 10. Nfe5 Qxd1 11. Rxd1 a5 12. Be3 a4 13. Nd6 Bxd6 14. Rxd6 Ncd7 15. Nc4 Ne8 16. Rd2 Ra6 17. Rad1 b5 18. Na3 b4 19. Nb5 Ra5 20. Na7 Nef6 21. Nc6 1-0

[Event "45th Sitges Open 2019"]
[Site "Sitges"]
[Date "2019.07.30"]
[Round "9.7"]
[White "Beltran Rueda, Santiago"]
[Black "Gaprindashvili, Valeriane"]
[Result "0-1"]
[ECO "A13"]
[WhiteElo "2326"]
[BlackElo "2368"]
[Annotator "NA"]
[PlyCount "84"]
[EventDate "2019.07.21"]
[EventType "swiss"]
[EventCountry "ESP"]
[SourceTitle "playchess.com"]
[Source "ChessBase"]
[SourceQuality "1"]
[TimeControl "40/5400+30:1800+30"]

1. c4 e6 2. Nf3 Nf6 3. g3 d5 4. d4 dxc4 5. Qa4+ Bd7 6. Qxc4 Bc6 7. Bg2 Nbd7 8. O-O Bd5 9. Qd3 Be4 10. Qd1 c5 11. Nc3 Bc6 12. Bg5 Be7 13. dxc5 Nxc5 14. Bh3 Nce4 15. Nxe4 Bxe4 16. Ne5 Qa5 17. Bxf6 Rd8 18. Qb3 Bxf6 19. Nc4 Qh5 20. Bg2 Bxg2 21. Kxg2 b5 22. Na5 Qxe2 23. Nc6 Qe4+ 24. Qf3 Qxf3+ 25. Kxf3 Rd7 26. a4 b4 27. Nxb4 Bxb2 28. Rab1 Bf6 29. Rfd1 Rc7 30. Na6 Rc3+ 31. Kg2 O-O 32. Rb7 Rc4 33. Nb8 Rfc8 34. a5 h5 35. Rdd7 Ra4 36. a6 Bd4 37. Rb5 Rc2 38. Rd8+ Kh7 39. Rxh5+ Kg6 40. Rh4 Rxf2+ 41. Kh3 Raa2 42. Rhxd4 f5 0-1

[Event "45th Sitges Open 2019"]
[Site "Sitges"]
[Date "2019.07.30"]
[Round "9.8"]
[White "Lopez Gonzalez, Abel Fabian"]
[Black "Mateus, Alejandro"]
[Result "1/2-1/2"]
[ECO "E34"]
[WhiteElo "2355"]
[BlackElo "2334"]
[Annotator "ChessBase"]
[PlyCount "116"]
[EventDate "2019.07.21"]
[EventType "swiss"]
[EventCountry "ESP"]
[SourceTitle "playchess.com"]
[Source "ChessBase"]
[SourceQuality "1"]
[TimeControl "40/5400+30:1800+30"]

1. d4 Nf6 2. c4 e6 3. Nc3 Bb4 4. Qc2 d5 5. cxd5 Qxd5 6. a3 Bxc3+ 7. bxc3 c5 8. f3 cxd4 9. cxd4 Nc6 10. e3 O-O 11. Bc4 Qd6 12. Ne2 e5 13. O-O Be6 14. dxe5 Qxe5 15. Rb1 Bf5 16. Bd3 Bxd3 17. Qxd3 Rfd8 18. Qc4 Rac8 19. Rxb7 Nd5 20. Qe4 Qxe4 21. fxe4 Nf6 22. Bb2 Rd7 23. Rxd7 Nxd7 24. Rc1 Ne7 25. Rxc8+ Nxc8 26. Bd4 f6 27. Nc3 a6 28. Kf2 Nd6 29. Ke2 Kf7 30. Kd3 Ke6 31. Kc2 Nb5 32. Nb1 Ne5 33. Kb3 Ng4 34. Kb4 Nxh2 35. Ka5 Nc7 36. Kb6 Kd7 37. Kb7 Ng4 38. Bb6 Nb5 39. a4 Nd6+ 40. Kxa6 Kc6 41. Nc3 Nf2 42. Nb5 Nfxe4 43. Nd4+ Kd5 44. a5 Nd2 45. Bc7 N6c4 46. Kb5 Nxa5 47. Bxa5 Nf1 48. Nc2 Ke4 49. Kc4 Nxe3+ 50. Nxe3 Kxe3 51. Bb6+ Kf4 52. Bc7+ Kg4 53. Kd4 h5 54. Ke3 h4 55. Kf2 g5 56. Kg1 h3 57. g3 f5 58. Kh2 f4 1/2-1/2